 Dungeon Crawl Stone Soup version 0.19.0 (webtiles) character file.

818072 hyperkramin the Hoplite (level 27, -2/180 HPs)
             Began as a Gargoyle Necromancer on Nov 4, 2016.
             Was a High Priest of the Shining One.
             Killed by divine providence
             ... invoked by a daeva
              (17 damage)
             ... in Pandemonium on Nov 5, 2016.
             The game lasted 04:37:01 (72639 turns).

hyperkramin the Hoplite (Gargoyle Necromancer)     Turns: 72639, Time: 04:37:01

Health: -2/180     AC: 59    Str: 25    XL:     27
Magic:  38/48      EV: 29    Int: 27    God:    the Shining One [*****.]
Gold:   8692       SH: 42    Dex: 19    Spells: 8 memorised, 15 levels left

rFire  + + .     SeeInvis +     b - +7 Screaming Sword
rCold  + + .     Gourm    .     W - +9 ice dragon scales
rNeg   + + +     Faith    .     C - +0 large shield of the Arcane {*Drain *Slow Regen+ Int+5}
rPois  ∞         Spirit   .     F - +0 mask of the Dragon {MR+ Slay+3 SInv}
rElec  +         Reflect  .     Q - +2 cloak of Lies {rF++ Str+3}
rCorr  .         Harm     .     O - +2 pair of gloves
MR     ++++.                    T - +2 pair of boots {Fly}
Stlth  +.........               t - amulet "Vaani" {+Rage MR+ Str+4 Int+4}
                                j - +5 ring of evasion
                                X - ring of the Fifty Wishes {*Drain rF+ MP+9 Dex+6 SInv}

@: divine shield, singing, flying, very slightly contaminated, hasted, glowing,
very quick
A: big wings, clumsy 1, mutation resistance 1, negative energy resistance 1,
electricity resistance, unbreathing, petrification resistance, rot immunity, AC
+20
a: Stop Flying, Divine Shield, Cleansing Flame, Summon Divine Warrior, Renounce
Religion, Stop Singing, Evoke Berserk Rage
}: 6/15 runes: decaying, serpentine, slimy, silver, golden, demonic


You were in Pandemonium.
You worshipped the Shining One.
The Shining One was extremely pleased with you.
You were hungry.

You visited 13 branches of the dungeon, and saw 57 of its levels.
You visited Pandemonium 1 time, and saw 5 of its levels.
You visited 1 ziggurat, and saw 14 of its levels.
You also visited: Bailey, Ice Cave and Wizlab.

You collected 10798 gold pieces.
You spent 2106 gold pieces at shops.

Inventory:

Hand Weapons
 a - a +9 eudemon blade of holy wrath
 b - the +7 Screaming Sword (weapon)
   (You found it on level 6 of the Dungeon)
Missiles
 G - 16 javelins of returning (quivered)
 V - 4 throwing nets {!f}
Armour
 C - the +0 large shield of the Arcane (worn) {*Drain *Slow Regen+ Int+5}
   (Okawaru gifted it to you on level 5 of the Vaults)

   It affects your intelligence (+5).
   It increases your rate of regeneration.
   It causes draining when unequipped.
   It may slow you when you take damage.
 F - the +0 mask of the Dragon (worn) {MR+ Slay+3 SInv}
   (You found it on level 3 of the Elven Halls)

   It affects your accuracy and damage with ranged weapons and melee attacks
   (+3).
   It affects your resistance to hostile enchantments.
   It lets you see invisible.
 O - a +2 pair of gloves (worn)
 Q - the +2 cloak of Lies (worn) {rF++ Str+3}
   (You found it on level 10 of the Dungeon)

   It affects your strength (+3).
   It greatly protects you from fire.
 T - a +2 pair of boots of flying (worn)
 W - +9 ice dragon scales (worn)
Jewellery
 j - a +5 ring of evasion (right hand)
 m - the amulet of the Air {Inacc +Fly rElec EV+5 RMsl}
   (You found it on level 7 of a ziggurat)

   [amulet of inaccuracy]

   It reduces the accuracy of all your attacks.
   It affects your evasion (+5).
   It insulates you from electricity.
   It lets you fly.
   It protects you from missiles.
 t - the amulet "Vaani" (around neck) {+Rage MR+ Str+4 Int+4}
   (You acquired it on level 10 of a ziggurat)

   [amulet of rage]

   It affects your strength (+4).
   It affects your intelligence (+4).
   It affects your resistance to hostile enchantments.
   It lets you go berserk.
 X - the ring of the Fifty Wishes (left hand) {*Drain rF+ MP+9 Dex+6 SInv}
   (You took it off a deep elf annihilator on level 5 of the Vaults)

   [ring of magical power]

   It affects your dexterity (+6).
   It protects you from fire.
   It affects your magic capacity (+9).
   It lets you see invisible.
   It causes draining when unequipped.
Wands
 w - a wand of disintegration (6/24)
 K - a wand of heal wounds (1/9)
 L - a wand of digging (10/24)
 N - a wand of teleportation (5/9)
 U - a wand of hasting (3/9)
Scrolls
 d - 2 scrolls of enchant armour
 e - 8 scrolls of identify
 f - 18 scrolls of enchant weapon
 g - 3 scrolls of blinking
 k - 23 scrolls of remove curse
 o - 10 scrolls of recharging
 s - 10 scrolls of fear
 v - 3 scrolls of holy word
 y - 16 scrolls of fog
 z - 23 scrolls of teleportation
 I - 9 scrolls of magic mapping
Potions
 h - 2 potions of berserk rage
 i - 8 potions of curing
 l - 14 potions of agility
 n - 7 potions of heal wounds
 q - 7 potions of magic
 x - 5 potions of brilliance
 A - 13 potions of haste
 B - 2 potions of cancellation
 D - 8 potions of resistance
 P - 6 potions of ambrosia
 Y - 9 potions of cure mutation {!q}
 Z - 5 potions of might
Books
 M - a book of the Dragon

   Spells                             Type                      Level
   a - Flame Tongue                   Conjuration/Fire             1
   b - Cause Fear                     Hexes                        4
   c - Bolt of Fire                   Conjuration/Fire             6
   d - Dragon Form                    Transmutation                7
   e - Dragon's Call                  Summoning                    9
Miscellaneous
 J - a phial of floods
 R - a fan of gales
Comestibles
 c - 37 bread rations
 p - 23 meat rations
 r - 48 fruits
 E - 3 royal jellies


   Skills:
 - Level 20.4 Fighting
   Level 6.0(12.1) Short Blades
 - Level 15.8(16.2) Long Blades
 - Level 5.0 Throwing
 + Level 22.1 Armour
 * Level 17.9 Dodging
 - Level 2.1 Stealth
 - Level 25.0 Shields
 - Level 5.0 Spellcasting
 - Level 10.0 Hexes
 - Level 10.4 Charms
 - Level 10.0 Necromancy
 - Level 8.4 Translocations
 - Level 10.0 Air Magic
 - Level 24.4 Invocations
 - Level 5.0 Evocations


You had 15 spell levels left.
You knew the following spells:

 Your Spells              Type           Power        Failure   Level  Hunger
a - Song of Slaying       Chrm           ######..     1%          2    None
b - Blink                 Tloc           N/A          1%          2    None
f - Passwall              Tmut/Erth      #.........   21%         2    None
g - Apportation           Tloc           ######....   1%          1    None
m - Repel Missiles        Chrm/Air       ######       1%          2    None
r - Regeneration          Chrm/Necr      ######....   1%          3    #......
s - Silence               Hex/Air        ######....   8%          5    #####..
v - Passage of Golubria   Tloc           N/A          4%          4    ###....


Dungeon Overview and Level Annotations

Branches:
Dungeon (15/15)            Temple (1/1) D:4            Lair (6/6) D:10
  Swamp (4/4) Lair:4        Snake (4/4) Lair:4        Slime (5/5) Lair:6
    Orc (2/2) D:11            Elf (3/3) Orc:2        Vaults (5/5) D:13
  Crypt (3/3) Vaults:3       Tomb (3/3) Crypt:3      Depths (5/5) D:15
   Hell (1/1)                 Dis (0/7) Hell            Geh (0/7) Hell
    Coc (0/7) Hell            Tar (0/7) Hell            Zot (0/5) Depths:5

Altars:
Ashenzari
Dithmenos
Fedhas
Gozag
Hepliaklqana
Kikubaaqudgha
Nemelex Xobeh
Okawaru
Sif Muna
Uskayaw
Xom
Yredelemnul
Zin
The Shining One

Shops:
D:5 (   D:14 **   Orc:2 [*=(   Elf:3 *   Snake:1 !   Snake:4 }}=

Portals:
Hell: Depths:1 Depths:2 Depths:3 Depths:4 Depths:5
Abyss: Depths:2 Depths:3 Depths:4
Pandemonium: Depths:3 Depths:5

Annotations:
D:3 exclusion: door


Innate Abilities, Weirdness & Mutations

You are resistant to torment.
Your stone body is resilient. (AC +20)
You are immune to poison.
Your large and strong wings let you fly indefinitely.
You resist negative energy. (rN+)
You are resistant to electric shocks. (rElec)
You can survive without breathing.
You are immune to petrification.
You are immune to rotting.
You are clumsy. (Dex -2)
You are somewhat resistant to further mutation.


Message History

You hear a shout! x2
The daeva blocks your angel's attack.
Your angel hits the daeva but does no damage.
The daeva calls down the wrath of Zin upon you.
Zin smites you!
* * * LOW HITPOINT WARNING * * *
Evoke which item? (* to show all) (? for menu, Esc to quit)
Zapping:
U - a wand of hasting (4/9)
Press: ? - help, Shift-Dir - straight line, f - you You feel butt speed up.
You are very lightly contaminated with residual magic.
This wand has 3 charges left.
The daeva calls down the wrath of Zin upon you.
Zin smites you!
* * * LOW HITPOINT WARNING * * *
Your angel hits the daeva with a whip of holy wrath!
Your angel hits the daeva with a whip of holy wrath.
The daeva calls down the wrath of Zin upon you.
Zin smites you!
You die...

***,,,,,,,,,,,,,,***
*###,,,,,,,,,,,,,,,,,,*
#####..,,**************,*,,
#####......*,*,,,,,,*,,,,***,,,
###.........#*,*,,**,,,,,*.,**#..
......#.....,,,*,,,,,,*,...,,*#..
.........##############....,,*#..
##.....#.#.#.#.#.#.#.A.....,,*#..
###......'......@A.AA#**,,,_,,#..
#*##...#.#.#.#.#.#.#.A.....,,*#..
.##......##############....,,*#..
......#.....,,,*,,,,,,*,...,,*#..
............##.*,,**,,,,,*.,*##..
.............#.*,,,,,,*,,,,*##...
.......####....##############.#..
########,,#......................
********,,#...............##.....


You could see 4 daevas and a friendly angel.

Vanquished Creatures
  the Royal Jelly (Slime:5)
  3 ancient liches
  5 juggernauts
  22 greater mummies
  Saint Roka (Snake:2)
  Xtahua (Depths:3)
  Vashnia (Snake:3)
  5 Killer Klowns
  Geryon (Hell)
  Nikola (Snake:2)
  3 pandemonium lords
  A profane servitor (Crypt:3)
  A pearl dragon (Pan)
  5 golden dragons
  2 Brimstone Fiends (Pan)
  A Tzitzimitl (Pan)
  2 electric golems (Zig:7)
  A shard shrike skeleton (Crypt:1)
  7 tentacled monstrosities
  A hellephant (Hell)
  Jorgrun (Swamp:3)
  Rupert (Lair:4)
  5 liches
  2 Hell Sentinels (Pan)
  24 titans
  7 deep elf blademasters
  8 deep elf master archers
  32 acid blobs
  A tentacled starspawn (WizLab)
  7 sphinxes (Tomb:1)
  14 ancient champions
  Gastronok (D:11)
  10 tengu reavers
  4 thorn hunters
  2 Executioners (Pan)
  2 storm dragons (Zig:7)
  Roxanne (Swamp:3)
  8 draconian monks
  2 blood saints (Pan)
  4 shadow dragons
  9 nagarajas
  5 revenants
  A fire giant (shapeshifter) (Zig:6)
  5 daevas (Pan)
  10 vault wardens
  20 fire giants
  18 frost giants
  11 deep elf sorcerers
  17 azure jellies
  A draconian scorcher (Zig:4)
  3 orc warlords (Zig:12)
  A frost giant (shapeshifter) (D:15)
  Aizul (Snake:1)
  4 cacodemons (Pan)
  9 ghost moths
  The ghost of alcopop the Executioner, a journeyman MiBe of Trog (D:12)
  A draconian zealot (Depths:5)
  2 emperor scorpions (Zig:11)
  13 ghouls
  3 black suns (Pan)
  A draconian annihilator (Depths:4)
  A draconian shifter (Depths:4)
  4 balrugs
  An iron dragon (Hell)
  27 very ugly things
  3 deep elf elementalists
  2 curse skulls
  3 spriggan defenders (Depths:3)
  16 ironheart preservers
  2 caustic shrike skeletons
  9 angels
  9 apis (Pan)
  7 reapers
  41 stone giants
  2 entropy weavers
  4 war gargoyles
  7 vampire knights
  15 bennus
  8 deep elf demonologists
  A stone giant (shapeshifter) (Zig:10)
  5 ophanim (Pan)
  2 lorocyprocas (Pan)
  5 green draconians (Depths:5)
  3 yellow draconians
  6 black draconians
  2 dire elephants (shapeshifter)
  2 mottled draconians
  4 red draconians
  Azrael (Snake:1)
  10 spark wasps
  8 deep elf annihilators
  6 purple draconians
  4 white draconians
  5 deep elf death magi
  An eidolon (Crypt:2)
  19 ettins
  A crystal guardian (Vaults:4)
  5 green deaths
  7 fire dragons
  6 blizzard demons
  13 great orbs of eyes
  A great orb of eyes (shapeshifter) (Vaults:4)
  4 jiangshi
  8 death oozes
  The ghost of PurpleRed the Severer, a journeyman MiFi of Makhleb (D:12)
  28 mummy priests
  21 hydras
  Harold (Lair:3)
  7 rakshasas
  A monstrous demonspawn (Pan)
  21 yaktaur captains
  13 ice dragons
  28 vault guards
  9 deep elf high priests
  2 ghost crabs
  A quicksilver dragon skeleton (Crypt:3)
  6 spriggan air magi
  13 naga warriors
  A catoblepas (Lair:5)
  3 hell beasts
  9 anacondas
  17 ogre magi
  15 centaur warriors
  5 death knights
  2 anacondas (shapeshifter)
  A merfolk aquamancer (Depths:4)
  21 dancing weapons
  10 alligators
  A hell hog (Hell)
  An orc high priest (Zig:12)
  6 deep troll shamans
  76 death scarabs
  8 deep troll earth magi
  3 death yaks (IceCv)
  19 naga sharpshooters
  A spriggan berserker (Depths:5)
  4 tengu warriors
  4 vampire magi
  10 shock serpents
  8 large abominations
  11 sun demons
  11 hell knights
  2 thrashing horrors (WizLab)
  A shock serpent (shapeshifter) (Vaults:5)
  11 soul eaters
  22 deep elf knights
  12 small abominations
  25 skeletal warriors
  A death drake (shapeshifter) (Depths:4)
  An unseen horror (shapeshifter) (Vaults:5)
  3 iron trolls
  7 sixfirhies
  2 storm dragon skeletons (Zig:14)
  4 shadow wraiths
  3 salamander mystics
  A fire crab (shapeshifter) (Elf:2)
  A death drake (Depths:5)
  2 sea snakes (Snake:4)
  2 spriggan druids
  4 titan skeletons
  2 cherubim (Pan)
  2 golden dragon zombies (Zig:14)
  4 unseen horrors
  An anaconda zombie (Hell)
  A gelid demonspawn (Pan)
  A deep troll (shapeshifter) (Vaults:5)
  3 torturous demonspawn (Pan)
  5 flayed ghosts
  33 deep trolls
  3 shambling mangroves
  Pikel (D:4)
  11 swamp dragons
  9 glowing orange brains
  6 naga ritualists
  11 ironbrand convokers
  4 shadow demons
  14 deep elf archers
  A swamp dragon (shapeshifter) (D:15)
  4 lindwurms (Depths:5)
  An obsidian statue (WizLab)
  A golden dragon skeleton (Zig:14)
  18 orc knights
  4 harpies (Vaults:1)
  A hill giant (shapeshifter) (Vaults:4)
  7 wizards
  9 hill giants
  12 phantasmal warriors
  3 orb spiders
  7 orc sorcerers
  A wolf spider zombie (Crypt:2)
  5 shining eyes
  10 oklob plants
  6 mana vipers
  8 necromancers
  57 ugly things
  90 deep elf magi
  A fire giant zombie (Crypt:2)
  An iron dragon zombie (Zig:14)
  2 stone giant skeletons (Vaults:4)
  7 wolf spiders
  A stone giant zombie (Crypt:1)
  10 salamanders
  14 cyclopes
  A manticore (shapeshifter) (Zig:6)
  12 vault sentinels
  6 manticores
  9 elephants (Lair:6)
  A dire elephant zombie (Crypt:2)
  38 black mambas
  4 smoke demons (Pan)
  2 frost giant skeletons
  A human skeleton (Vaults:1)
  Psyche (D:10)
  3 apocalypse crabs
  Maurice (D:11)
  8 guardian serpents
  3 orange demons (Pan)
  3 rust devils (Hell)
  5 eyes of devastation
  A torpor snail (shapeshifter) (Vaults:5)
  2 ice statues
  3 gargoyles
  2 molten gargoyles (Hell)
  An elephant slug zombie (Crypt:1)
  21 spiny frogs
  11 naga magi
  2 shock serpent skeletons (Crypt:1)
  A titan simulacrum (Tomb:1)
  A storm dragon simulacrum (Crypt:1)
  7 hellions
  A yellow draconian zombie (Crypt:2)
  A spiny frog (shapeshifter) (Vaults:1)
  5 tormentors
  3 rime drakes (Lair:6)
  A hellwing (WizLab)
  12 komodo dragons
  2 kobold demonologists
  11 freezing wraiths
  A ghost moth simulacrum (Crypt:3)
  A catoblepas skeleton (Crypt:2)
  A yaktaur (shapeshifter) (Vaults:1)
  63 yaktaurs
  5 efreet
  9 trolls
  7 demonic crawlers
  54 guardian mummies
  8 ice devils
  17 red devils
  6 tengu conjurers
  A meliai (shapeshifter) (Vaults:4)
  A shadow dragon simulacrum (Vaults:3)
  A two-headed ogre (shapeshifter) (Elf:1)
  4 tyrant leeches
  An iron troll skeleton (Crypt:2)
  2 tengu simulacra
  6 hydra zombies
  2 hydra skeletons
  A raiju (shapeshifter) (Vaults:2)
  A wind drake (Depths:5)
  13 polar bears
  33 two-headed ogres
  9 bog bodies
  A sphinx simulacrum (Vaults:3)
  A jumping spider (Zig:11)
  15 dream sheep
  2 ice dragon zombies (Crypt:3)
  32 hornets
  25 blink frogs
  A harpy skeleton (Crypt:1)
  A dream sheep (shapeshifter) (Vaults:5)
  6 hippogriffs
  A hippogriff (shapeshifter) (Zig:10)
  2 human simulacra
  A raiju (Zig:7)
  93 slime creatures
  A frost giant simulacrum (Vaults:1)
  An iron dragon simulacrum (Depths:4)
  An alligator skeleton (Hell)
  2 fire dragon zombies
  17 flying skulls
  21 spriggans
  A vampire (D:14)
  41 yaks
  10 shadows
  A hill giant zombie (D:11)
  9 air elementals
  A tarantella (shapeshifter) (Vaults:4)
  8 wraiths
  A shock serpent simulacrum (Crypt:2)
  11 redbacks
  14 water elementals
  9 ynoxinuls
  A spriggan (shapeshifter) (Vaults:5)
  4 tarantellas (Zig:11)
  8 basilisks
  12 wyverns
  23 ushabtiu
  A fire bat (shapeshifter) (Vaults:2)
  2 golden eyes (Zig:13)
  16 fire elementals
  A human (shapeshifter) (Depths:2)
  5 hungry ghosts
  3 steam dragons
  4 mottled dragons
  5 chaos spawn
  38 vampire mosquitoes
  70 nagas
  A swamp worm (shapeshifter) (Depths:1)
  7 insubstantial wisps
  4 spatial vortices (WizLab)
  9 wargs
  A naga (shapeshifter) (D:15)
  25 swamp worms
  A hydra simulacrum (Hell)
  A hell hound (shapeshifter) (Vaults:5)
  2 floating eyes
  16 water moccasins
  A water nymph skeleton (Crypt:2)
  An ogre skeleton (Vaults:1)
  19 swamp drakes
  3 hell hounds
  6 porcupines
  A floating eye (shapeshifter) (Depths:1)
  12 sky beasts
  2 ice beasts
  42 orc warriors
  A spiny frog skeleton (Hell)
  A dream sheep zombie (Crypt:1)
  4 ettin simulacra
  13 eyes of draining
  77 ogres
  A phantom (D:11)
  3 black bears
  4 necrophages
  3 boggarts (D:15)
  28 wolves
  A manticore skeleton (Crypt:2)
  22 centaurs
  A snapping turtle skeleton (Tomb:2)
  17 crocodiles
  6 big kobolds
  17 bullfrogs
  A gnoll sergeant (D:6)
  3 earth elementals
  A wyvern skeleton (D:10)
  8 scorpions
  7 killer bees
  A troll zombie (D:11)
  2 spriggan zombies
  11 howler monkeys
  10 wights
  3 electric eels
  10 crimson imps
  2 bullfrog zombies (D:12)
  5 centaur zombies
  A quasit (Depths:3)
  2 two-headed ogre zombies (D:11)
  10 jellies
  22 orc wizards
  3 gnoll shamans (D:8)
  4 centaur skeletons
  4 hounds
  2 iron imps
  19 orc priests
  A two-headed ogre skeleton (Crypt:3)
  5 bullfrog skeletons
  A basilisk skeleton (Crypt:3)
  6 iguanas
  10 hell rats (Hell)
  A killer bee zombie (D:5)
  15 worker ants
  A lightning spire (Zig:10)
  5 ogre zombies
  A crocodile skeleton (Crypt:1)
  2 hound zombies
  A tengu skeleton (Crypt:1)
  55 mummies
  A howler monkey zombie (D:7)
  18 gnolls
  A steam dragon zombie (Crypt:3)
  18 adders
  A howler monkey skeleton (D:5)
  A river rat (Lair:6)
  An ogre simulacrum (Crypt:1)
  5 shadow imps
  3 white imps
  An ufetubus (WizLab)
  7 oozes
  An iguana zombie (Crypt:2)
  A lava snake zombie (Crypt:2)
  An adder skeleton (D:4)
  2 adder zombies
  2 worms
  4 dart slugs
  8 leopard geckos
  107 orcs
  A bat zombie (Crypt:1)
  2 giant cockroaches
  12 goblins
  6 hobgoblins
  6 jackals
  3 quokkas
  A ball python (D:1)
  A ball python skeleton (D:4)
  A ball python zombie (Crypt:3)
  14 bats
  A frilled lizard (D:2)
  A giant cockroach zombie (D:5)
  2 goblin zombies (D:11)
  3 hobgoblin zombies (D:11)
  2 jackal skeletons
  21 kobolds
  A leopard gecko skeleton (D:6)
  3 orc skeletons
  13 orc zombies (D:11)
  6 rats
  14 briar patches (Swamp:4)
  3 crawling corpses
  2 fungi (Lair:5)
  6 plants
  3 starspawn tentacles (WizLab)
3377 creatures vanquished.

Vanquished Creatures (collateral kills)
  An ancient lich (Crypt:3)
  2 greater mummies (Tomb:1)
  A shard shrike (Zig:14)
  A lich (Tomb:1)
  A deep elf master archer (Tomb:1)
  A deep elf blademaster (Tomb:1)
  An ancient champion (Crypt:3)
  2 acid blobs (Slime:5)
  2 azure jellies (Slime:5)
  2 daevas (Pan)
  A fire giant (Tomb:1)
  An angel (Pan)
  A vampire knight (Crypt:3)
  2 stone giants (Tomb:1)
  3 apis (Pan)
  A bennu (Tomb:1)
  A deep elf annihilator (Tomb:1)
  An eidolon (Crypt:3)
  A blizzard demon (Zig:14)
  2 mummy priests (Tomb:1)
  6 death scarabs (Tomb:1)
  2 deep elf knights (Tomb:1)
  3 skeletal warriors
  3 cherubim (Pan)
  An oklob plant (Zig:14)
  3 deep elf magi (Tomb:1)
  A vault sentinel (Vaults:4)
  2 ice devils (Zig:14)
  2 slime creatures (Slime:5)
  2 flying skulls
  A wraith (Crypt:3)
  A redback (Vaults:4)
  An ushabti (Crypt:3)
  An elf zombie (Zig:14)
  An orc warrior (Vaults:4)
  3 mummies
61 creatures vanquished.

Vanquished Creatures (others)
  An ancient lich (Depths:4)
  Sojobo (Tomb:3)
  An eldritch tentacle (WizLab)
  A tengu reaver (Tomb:3)
  Donald (Slime:4)
  A fire giant (Depths:3)
  A deep elf demonologist (Vaults:2)
  A red draconian (Depths:5)
  2 ice dragons
  12 death scarabs
  An ogre mage (Vaults:2)
  A naga sharpshooter (Snake:3)
  A deep elf knight (Vaults:2)
  A salamander mystic (Snake:4)
  A skeletal warrior (Tomb:1)
  An unseen horror (Vaults:1)
  A torturous demonspawn (Pan)
  3 ironbrand convokers
  2 necromancers
  A fire giant zombie (Tomb:2)
  2 deep elf magi
  A large abomination (Depths:3)
  A salamander (Snake:2)
  A black mamba (Snake:3)
  A tyrant leech (Zig:9)
  A hornet (Swamp:1)
  A bog body (Swamp:1)
  Sigmund (D:4)
  4 flying skulls
  A spriggan (Swamp:1)
  2 ushabtiu (Tomb:2)
  A water elemental (Elf:2)
  A chaos spawn (Depths:3)
  A human (Depths:4)
  2 insubstantial wisps (Swamp:1)
  A naga (Snake:4)
  A small abomination (Depths:3)
  A wolf (IceCv)
  2 ogres
  A necrophage (Zig:14)
  A swamp dragon skeleton (Tomb:2)
  A bullfrog skeleton (D:4)
  An iron imp (Hell)
  2 orc wizards
  2 hell rats (Hell)
  7 mummies
  A leopard gecko (D:4)
  A bush (Lair:6)
  33 fungi
  78 plants
189 creatures vanquished.

Grand Total: 3627 creatures vanquished

Notes
Turn   | Place    | Note
-------+----------+-------------------------------------------
     0 | D:1      | hyperkramin the Gargoyle Necromancer began the quest for the Orb.
     0 | D:1      | Reached XP level 1. HP: 10/10 MP: 3/3
   259 | D:1      | Reached skill level 1 in Short Blades
   308 | D:1      | Reached XP level 2. HP: 16/16 MP: 5/5
   610 | D:1      | Reached XP level 3. HP: 19/20 MP: 6/6
  1263 | D:2      | Reached XP level 4. HP: 24/24 MP: 7/7
  1373 | D:2      | You fall through a shaft!
  1631 | D:3      | Reached XP level 5. HP: 27/28 MP: 8/8
  1703 | D:3      | Found a deep blue altar of Sif Muna.
  2307 | D:3      | Reached skill level 1 in Fighting
  2413 | D:3      | Found a blossoming altar of Fedhas.
  2715 | D:4      | Reached XP level 6. HP: 25/36 MP: 9/9
  2897 | D:4      | Noticed a slave
  2898 | D:4      | Noticed a slave
  2899 | D:4      | Noticed Pikel
  2899 | D:4      | Noticed a slave
  2899 | D:4      | Noticed a slave
  2948 | D:4      | Killed Pikel
  2948 | D:4      | Reached skill level 5 in Fighting
  2948 | D:4      | Reached XP level 7. HP: 39/44 MP: 10/10
  3045 | D:4      | Reached skill level 1 in Long Blades
  3061 | D:4      | Reached skill level 1 in Armour
  3061 | D:4      | Reached XP level 8. HP: 30/49 MP: 11/11
  3173 | D:4      | Killed Sigmund
  3375 | D:4      | Found a staircase to the Ecumenical Temple.
  3540 | Temple   | Entered the Ecumenical Temple
  3571 | Temple   | Became a worshipper of Warmaster Okawaru
  3768 | D:5      | Entered Level 5 of the Dungeon
  3768 | D:5      | Found a hide-covered altar of Uskayaw.
  3997 | D:5      | Found Jafio's Weapon Emporium.
  4668 | D:6      | Reached * piety under Okawaru
  5043 | D:6      | Reached XP level 9. HP: 50/56 MP: 12/12
  5215 | D:6      | Reached skill level 5 in Long Blades
  5619 | D:7      | Found a glowing silver altar of Zin.
  5674 | D:7      | Reached ** piety under Okawaru
  5910 | D:7      | Reached skill level 5 in Armour
  6960 | D:8      | Reached XP level 10. HP: 60/64 MP: 13/13
  6962 | D:8      | Reached *** piety under Okawaru
  7268 | D:8      | Found a shadowy altar of Dithmenos.
  7954 | D:8      | Reached **** piety under Okawaru
  9124 | D:9      | Found a hazy altar of Hepliaklqana.
  9465 | D:10     | Entered Level 10 of the Dungeon
  9476 | D:10     | Reached XP level 11. HP: 71/71 MP: 14/14
  9508 | D:10     | Reached ***** piety under Okawaru
  9517 | D:10     | Noticed a hill giant
  9585 | D:10     | Noticed a centaur warrior
  9593 | D:10     | Killed a centaur warrior
  9917 | D:10     | Got a pitted cloak
  9923 | D:10     | Identified the +2 cloak of Lies {rF++ Str+3} (You found it on level 10 of the Dungeon)
 10088 | D:10     | Noticed Psyche
 10116 | D:10     | Reached skill level 10 in Long Blades
 10127 | D:10     | Killed Psyche
 10228 | D:10     | Found a staircase to the Lair.
 10355 | D:10     | Got a smoking marble ring
 10356 | D:10     | Identified the ring of Regaot {rCorr Str+3} (You found it on level 10 of the Dungeon)
 10792 | D:10     | Reached skill level 10 in Fighting
 10898 | Lair:1   | Entered Level 1 of the Lair of Beasts
 11026 | Lair:1   | Noticed a seven-headed hydra
 11073 | Lair:1   | Reached skill level 1 in Invocations
 11390 | Lair:1   | Received a gift from Okawaru
 11409 | Lair:1   | Killed a seven-headed hydra
 11420 | Lair:1   | Got a bloodstained buckler {god gift}
 11426 | Lair:1   | Identified the +3 buckler of the Monkey's Uncle {Regen+} (Okawaru gifted it to you on level 1 of the Lair of Beasts)
 12074 | Lair:2   | Reached XP level 12. HP: 77/77 MP: 15/15
 12664 | Lair:2   | Reached skill level 5 in Invocations
 12787 | Lair:3   | Found a frozen archway.
 12823 | IceCv    | Entered an ice cave
 13050 | IceCv    | Learned a level 2 spell: Repel Missiles
 13080 | IceCv    | Learned a level 3 spell: Regeneration
 13176 | IceCv    | Reached ****** piety under Okawaru
 13176 | IceCv    | Received a gift from Okawaru
 13336 | IceCv    | Noticed a death yak
 13350 | IceCv    | Killed a death yak
 13351 | IceCv    | Noticed a death yak
 13352 | IceCv    | Reached XP level 13. HP: 82/82 MP: 17/17
 13829 | IceCv    | Noticed a frost giant
 13851 | IceCv    | Killed a frost giant
 14218 | Lair:3   | Noticed Harold
 14235 | Lair:3   | Killed Harold
 14911 | Lair:4   | Noticed Rupert
 14916 | Lair:4   | Paralysed by Rupert for 2 turns
 14927 | Lair:4   | Killed Rupert
 14959 | Lair:4   | Received a gift from Okawaru
 15197 | Lair:4   | Reached skill level 15 in Long Blades
 15255 | Lair:4   | Found a staircase to the Snake Pit.
 15593 | Lair:4   | Found a staircase to the Swamp.
 16327 | Lair:5   | Gained mutation: Your large and strong wings let you fly indefinitely. [Gargoyle growth]
 16327 | Lair:5   | Reached XP level 14. HP: 82/88 MP: 18/18
 16442 | Lair:5   | Reached skill level 1 in Shields
 17008 | Lair:6   | Entered Level 6 of the Lair of Beasts
 17008 | Lair:6   | Found a staircase to the Slime Pits.
 17013 | Lair:6   | Received a gift from Okawaru
 17075 | Lair:5   | Reached skill level 2 in Shields
 17124 | Lair:5   | Reached skill level 3 in Shields
 17521 | Lair:6   | Reached skill level 4 in Shields
 17625 | Lair:6   | Reached skill level 5 in Shields
 17928 | Lair:6   | Received a gift from Okawaru
 17931 | Lair:6   | Got a brightly glowing rapier {god gift}
 17932 | Lair:6   | Identified the +8 rapier "Cagopt" {pierce, rPois rF- MR+ Int+2} (Okawaru gifted it to you on level 6 of the Lair of Beasts)
 17956 | Lair:6   | Reached skill level 10 in Armour
 18337 | Lair:6   | Reached skill level 5 in Dodging
 18777 | Lair:6   | Received a gift from Okawaru
 18785 | Lair:6   | Reached XP level 15. HP: 59/96 MP: 19/19
 18794 | Lair:6   | Got a smoking hat {god gift}
 18805 | Lair:6   | Identified the +0 hat "Dirphess" {rElec rCorr Int+3} (Okawaru gifted it to you on level 6 of the Lair of Beasts)
 19256 | D:11     | Noticed Gastronok
 19266 | D:11     | Killed Gastronok
 19639 | D:11     | Found a staircase to the Orcish Mines.
 19996 | D:11     | Noticed Maurice
 20044 | D:11     | Killed Maurice
 20302 | Orc:1    | Entered Level 1 of the Orcish Mines
 20831 | Orc:2    | Entered Level 2 of the Orcish Mines
 20837 | Orc:2    | Found Lice's Antique Weapon Shop.
 21147 | Orc:2    | Found Heivoyzy's Jewellery Shoppe.
 21249 | Orc:2    | Received a gift from Okawaru
 21310 | Orc:2    | Got an encrusted cloak {god gift}
 21321 | Orc:2    | Identified the +2 cloak "Inazumef" {rC+ MR+ Regen+ Int+3} (Okawaru gifted it to you on level 2 of the Orcish Mines)
 21367 | Orc:2    | Found a staircase to the Elven Halls.
 21513 | Orc:2    | Found Toecs's General Store.
 21531 | Orc:2    | Bought a potion of heal wounds for 55 gold pieces
 21576 | Orc:2    | Found Botoh's Antique Armour Shop.
 21584 | Orc:2    | Bought a pair of embroidered boots for 346 gold pieces
 21874 | Orc:2    | Bought a +5 ring of evasion for 770 gold pieces
 21930 | D:12     | Identified 2 scrolls of acquirement
 21956 | D:12     | Noticed PurpleRed's ghost (journeyman MiFi)
 22104 | D:12     | Killed PurpleRed's ghost
 22192 | D:12     | Found a flagged portal.
 22201 | Bailey   | Entered a bailey
 23203 | D:12     | Noticed alcopop's ghost (journeyman MiBe)
 23220 | D:12     | Killed alcopop's ghost
 23220 | D:12     | Reached XP level 16. HP: 104/104 MP: 18/20
 23865 | D:13     | Found a gate to the Vaults.
 24429 | D:14     | Found Bocutori's Assorted Antiques.
 24436 | D:14     | Bought a gilded ring for 125 gold pieces
 24436 | D:14     | Bought a scroll labeled ZEONACHO WAMUE for 25 gold pieces
 24436 | D:14     | Bought a scroll labeled MAANOI KUOLO for 25 gold pieces
 24436 | D:14     | Bought a glowing wooden wand for 100 gold pieces
 24566 | D:14     | Received a gift from Okawaru
 24569 | D:14     | Got a scorched lajatang {god gift}
 24576 | D:14     | Identified the +8 lajatang of Emnuejy {drain, rElec rN+} (Okawaru gifted it to you on level 14 of the Dungeon)
 24821 | D:14     | Found a shattered altar of Ashenzari.
 24980 | D:14     | Found Wiynirir's Blood Bar.
 25164 | D:15     | Entered Level 15 of the Dungeon
 25248 | D:15     | Noticed a sphinx
 25248 | D:15     | an alligator snapping turtle changed into a sphinx
 25254 | D:15     | a sphinx changed into an alligator snapping turtle
 25258 | D:15     | Noticed an azure jelly
 25258 | D:15     | an alligator snapping turtle changed into an azure jelly
 25262 | D:15     | an azure jelly changed into a frost giant
 25509 | D:15     | Found a staircase to the Depths.
 25510 | D:15     | Received a gift from Okawaru
 25777 | D:15     | Got a transparent plate armour
 25788 | D:15     | Identified the cursed +0 plate armour "Syfuhi Owoi" {+Fly} (You found it on level 15 of the Dungeon)
 26437 | Swamp:1  | Entered Level 1 of the Swamp
 27283 | Swamp:2  | Received a gift from Okawaru
 27286 | Swamp:2  | Got a crude hat {god gift}
 27297 | Swamp:2  | Identified the +0 hat "Uguceex" {Str+6 Int+7} (Okawaru gifted it to you on level 2 of the Swamp)
 28069 | Swamp:3  | Reached XP level 17. HP: 81/112 MP: 21/21
 28207 | Swamp:3  | Noticed Jorgrun
 28209 | Swamp:3  | Reached skill level 15 in Fighting
 28222 | Swamp:3  | Killed Jorgrun
 28554 | Swamp:3  | Noticed Roxanne
 28579 | Swamp:3  | Killed Roxanne
 28732 | Swamp:3  | Reached skill level 10 in Dodging
 28759 | Swamp:4  | Entered Level 4 of the Swamp
 28890 | Swamp:4  | Received a gift from Okawaru
 28893 | Swamp:4  | Reached skill level 15 in Armour
 28910 | Swamp:4  | Reached skill level 1 in Charms
 28923 | Swamp:4  | HP: 10/113 [nine-headed hydra (7)]
 28934 | Swamp:4  | Reached skill level 1 in Air Magic
 29121 | Swamp:4  | Got a decaying rune of Zot
 29799 | Snake:1  | Entered Level 1 of the Snake Pit
 29801 | Snake:1  | Noticed Aizul
 29819 | Snake:1  | Killed Aizul
 29819 | Snake:1  | Received a gift from Okawaru
 30215 | Snake:1  | Noticed Azrael
 30245 | Snake:1  | Killed Azrael
 30502 | Snake:1  | Found Limpewa's Distillery.
 30557 | Snake:1  | Reached skill level 10 in Invocations
 30576 | Snake:1  | Received a gift from Okawaru
 30576 | Snake:1  | Reached XP level 18. HP: 107/119 MP: 25/25
 31130 | Snake:2  | Noticed Saint Roka
 31304 | Snake:2  | Killed Saint Roka
 31304 | Snake:2  | Received a gift from Okawaru
 31380 | Snake:2  | Reached skill level 5 in Necromancy
 31561 | Snake:2  | Gained mutation: You are somewhat resistant to further mutation. [potion of beneficial mutation]
 31565 | Snake:2  | Noticed Nikola
 31613 | Snake:2  | Killed Nikola
 32168 | Snake:2  | Reached skill level 6 in Shields
 32509 | Snake:3  | Received a gift from Okawaru
 32547 | Snake:3  | Noticed Vashnia
 32566 | Snake:3  | Killed Vashnia
 32566 | Snake:3  | Reached skill level 7 in Shields
 32566 | Snake:3  | Reached skill level 5 in Air Magic
 32570 | Snake:3  | Reached skill level 5 in Charms
 32636 | Snake:3  | Got a bloodstained scale mail {god gift}
 32647 | Snake:3  | Identified the +3 scale mail of Koqal {Stlth+} (Okawaru gifted it to you on level 3 of the Snake Pit)
 32933 | Snake:3  | Reached skill level 8 in Shields
 33186 | Snake:4  | Entered Level 4 of the Snake Pit
 33273 | Snake:4  | Got a scorched ring mail
 33284 | Snake:4  | Identified the +3 ring mail of Joqi {rC++ rN+++ Str+4 Dex-4} (You found it on level 4 of the Snake Pit)
 33491 | Snake:4  | Reached skill level 9 in Shields
 33493 | Snake:4  | Received a gift from Okawaru
 33493 | Snake:4  | Reached XP level 19. HP: 122/124 MP: 21/27
 33641 | Snake:4  | Reached skill level 10 in Shields
 33777 | Snake:4  | Got a serpentine rune of Zot
 33935 | Snake:4  | Found Hockuoc's Jewellery Shop.
 33935 | Snake:4  | Found Soiggump's Gadget Shoppe.
 33936 | Snake:4  | Found Aqiowkan's Gadget Shoppe.
 34336 | Lair:3   | Learned a level 5 spell: Silence
 34531 | Vaults:1 | Entered Level 1 of the Vaults
 34613 | Vaults:1 | Received a gift from Okawaru
 34616 | Vaults:1 | Got a warped scale mail {god gift}
 34627 | Vaults:1 | Identified the +0 scale mail of Calculation {rElec rCorr} (Okawaru gifted it to you on level 1 of the Vaults)
 34925 | Vaults:1 | Reached skill level 1 in Evocations
 34929 | Vaults:1 | Reached skill level 11 in Shields
 35235 | Vaults:1 | Reached skill level 12 in Shields
 35935 | Vaults:1 | Received a gift from Okawaru
 36039 | Vaults:2 | Reached skill level 13 in Shields
 36237 | Vaults:2 | Reached skill level 5 in Evocations
 36550 | Vaults:2 | Reached skill level 1 in Throwing
 36612 | Vaults:2 | Reached XP level 20. HP: 104/129 MP: 23/28
 36950 | Vaults:2 | Reached skill level 14 in Shields
 37826 | Vaults:1 | Received a gift from Okawaru
 37829 | Vaults:1 | Reached skill level 5 in Throwing
 38064 | Orc:2    | Bought an uncursed ring of protection from magic for 350 gold pieces
 38466 | Vaults:2 | Reached skill level 15 in Shields
 38600 | Vaults:3 | Reached skill level 1 in Hexes
 38774 | Vaults:3 | Found a staircase to the Crypt.
 39426 | Vaults:3 | Received a gift from Okawaru
 39725 | Vaults:3 | Reached skill level 5 in Hexes
 40552 | Vaults:4 | Reached XP level 21. HP: 81/134 MP: 24/29
 40594 | Vaults:4 | Received a gift from Okawaru
 41068 | Vaults:4 | Received a gift from Okawaru
 41215 | Vaults:4 | Learned a level 4 spell: Passage of Golubria
 41217 | Vaults:4 | Learned a level 1 spell: Pain
 41220 | Vaults:4 | Learned a level 2 spell: Passwall
 41226 | Vaults:4 | Learned a level 4 spell: Control Undead
 41536 | Vaults:4 | Received a gift from Okawaru
 41742 | Vaults:4 | Reached skill level 10 in Air Magic
 42184 | Vaults:4 | Received a gift from Okawaru
 42577 | Elf:1    | Entered Level 1 of the Elven Halls
 42953 | Elf:1    | Reached skill level 10 in Hexes
 43154 | Elf:1    | Reached skill level 5 in Spellcasting
 43183 | Elf:1    | Got a fine plate armour
 43194 | Elf:1    | Identified the +8 plate armour of Imearo {+Fly rC+ Int-5 Slay+2} (You found it on level 1 of the Elven Halls)
 43746 | Elf:2    | Reached XP level 22. HP: 140/140 MP: 30/30
 43880 | Elf:2    | Found a runed gate.
 43880 | Elf:2    | Found a runed gate.
 43880 | Elf:2    | Found a runed gate.
 44113 | Elf:2    | Received a gift from Okawaru
 44439 | Elf:3    | Entered Level 3 of the Elven Halls
 44546 | Elf:3    | Found Tewacar's Assorted Antiques.
 44559 | Elf:3    | Bought a bone wand for 128 gold pieces
 44559 | Elf:3    | Bought a potion of heal wounds for 160 gold pieces
 44810 | Elf:3    | Received a gift from Okawaru
 44971 | Elf:3    | Got a twisted crystal plate armour {god gift}
 44990 | Elf:3    | Identified the +1 crystal plate armour "Kihusmy" {MR- Str+5 Int+4} (Okawaru gifted it to you on level 3 of the Elven Halls)
 45084 | Elf:3    | Got a heavily runed marble ring
 45224 | Elf:3    | Identified the ring "Joagral" {*Tele rF+ rN+} (You took it off a deep elf blademaster on level 3 of the Elven Halls)
 45252 | Elf:3    | Got a crude pewter ring
 45259 | Elf:3    | Identified the ring of Ijuiramyby {rC- rN+ EV+3 Str+4} (You took it off a deep elf mage on level 3 of the Elven Halls)
 45308 | Elf:3    | Identified An Introduction to Rites and Rhymes
 45341 | Elf:3    | Identified the Disquisition on Warped Summoning
 46120 | Vaults:5 | Entered Level 5 of the Vaults
 46124 | Vaults:5 | Noticed a golden dragon
 46134 | Vaults:5 | Received a gift from Okawaru
 46141 | Vaults:5 | Killed a golden dragon
 46141 | Vaults:5 | Reached XP level 23. HP: 118/149 MP: 22/31
 46149 | Vaults:5 | Noticed a golden dragon
 46152 | Vaults:5 | Received a gift from Okawaru
 46385 | Vaults:5 | Killed a golden dragon
 46388 | Vaults:5 | Reached skill level 10 in Charms
 46389 | Vaults:5 | Received a gift from Okawaru
 46410 | Vaults:4 | HP: 13/149 [battlesphere[a tengu reaver] (11)]
 46760 | Vaults:5 | Reached skill level 10 in Necromancy
 47011 | Vaults:5 | Got a polished large shield {god gift}
 47039 | Vaults:4 | Identified the +6 large shield of Muttered Phrases {rC- Regen+ Dex+3} (Okawaru gifted it to you on level 5 of the Vaults)
 47224 | Vaults:5 | Identified the Grimoire of Enthralling Toxins
 47551 | Vaults:5 | Got a silver rune of Zot
 47697 | Vaults:5 | Received a gift from Okawaru
 47703 | Vaults:5 | Got an ancient large shield {god gift}
 47714 | Vaults:5 | Identified the +0 large shield of the Arcane {*Drain *Slow Regen+ Int+5} (Okawaru gifted it to you on level 5 of the Vaults)
 47867 | Vaults:5 | Got a fine lapis lazuli ring
 47869 | Vaults:5 | Identified the ring of the Fifty Wishes {*Drain rF+ MP+9 Dex+6 SInv} (You took it off a deep elf annihilator on level 5 of the Vaults)
 47947 | Vaults:5 | Got a heavily runed steel amulet
 48673 | Orc:2    | Bought a scroll of identify for 22 gold pieces
 48673 | Orc:2    | Identified the amulet of the Four Places {Inacc Dex+2 SInv} (You found it on level 5 of the Vaults)
 48952 | Crypt:1  | Entered Level 1 of the Crypt
 49019 | Crypt:1  | Noticed an ancient lich
 49035 | Crypt:1  | Killed an ancient lich
 49056 | Crypt:1  | Found a magical portal.
 49064 | WizLab   | Entered The Roulette of Golubria
 49066 | WizLab   | Found a corrupted altar of Lugonu.
 49152 | WizLab   | Identified Golubria's Papyrus of the Voyage
 49164 | WizLab   | Learned a level 2 spell: Blink
 49166 | WizLab   | Learned a level 1 spell: Apportation
 49219 | WizLab   | Reached skill level 1 in Translocations
 49225 | WizLab   | Got a crude cloak
 49236 | WizLab   | Identified the cursed +0 cloak "Uttiwn" {-Cast rElec rF++ Int+4} (You found it in a wizard's laboratory)
 49248 | WizLab   | Got a fine cloak
 49254 | WizLab   | Identified the +2 cloak of Paoch {rN++ MR+ Dex-5 Slay+3} (You found it in a wizard's laboratory)
 49266 | WizLab   | Got a jewelled cloak
 49272 | WizLab   | Identified the +1 cloak of Pride {rC- Str+5 Dex+6} (You found it in a wizard's laboratory)
 49398 | WizLab   | Reached XP level 24. HP: 157/157 MP: 31/31
 49406 | WizLab   | Identified Golubria's Catalogue of the Voyage
 49490 | WizLab   | Found a corrupted altar of Lugonu.
 49886 | Depths:1 | Entered Level 1 of the Depths
 50062 | Depths:1 | Found a gateway to Hell.
 50226 | Depths:1 | Reached skill level 5 in Translocations
 50258 | Depths:1 | Received a gift from Okawaru
 50760 | Depths:1 | Reached skill level 16 in Shields
 51407 | Depths:2 | Received a gift from Okawaru
 51666 | Depths:2 | Found a one-way gate to the infinite horrors of the Abyss.
 51714 | Depths:2 | Reached skill level 17 in Shields
 52123 | Depths:3 | Paralysed by a floating eye for 4 turns
 52131 | Depths:3 | Found a gateway to a ziggurat.
 52272 | Depths:3 | Received a gift from Okawaru
 52341 | Depths:3 | Reached XP level 25. HP: 85/164 MP: 31/31
 52548 | Depths:3 | Received a gift from Okawaru
 52565 | Depths:3 | Noticed Xtahua
 52578 | Depths:3 | Reached skill level 18 in Shields
 52578 | Depths:3 | Paralysed by Xtahua for 6 turns
 52608 | Depths:3 | Killed Xtahua
 53091 | Depths:3 | Received a gift from Okawaru
 53221 | Depths:3 | Found a one-way gate leading to the halls of Pandemonium.
 54057 | Depths:4 | Found a runed door.
 54170 | Depths:4 | Reached skill level 19 in Shields
 54598 | Depths:4 | Noticed an ancient lich
 54598 | Depths:4 | Noticed an ancient lich
 54613 | Depths:4 | Killed an ancient lich
 54621 | Depths:4 | Killed an ancient lich
 54675 | Depths:4 | Got an encrusted demon whip
 54676 | Depths:4 | Identified the +11 demon whip "Juokiega" {drain, rC++ Str+4} (You found it on level 4 of the Depths)
 54873 | Depths:5 | Entered Level 5 of the Depths
 54893 | Depths:5 | Received a gift from Okawaru
 55005 | Depths:5 | Reached XP level 26. HP: 166/172 MP: 31/31
 55196 | Depths:5 | Reached skill level 20 in Shields
 55588 | Depths:5 | Received a gift from Okawaru
 55659 | Depths:5 | Found a gate to the Realm of Zot.
 55854 | Depths:5 | Found a glowing golden altar of the Shining One.
 57058 | Depths:5 | Fell from the grace of Okawaru
 57058 | Depths:5 | Became a worshipper of the Shining One
 57106 | Depths:5 | Noticed a juggernaut
 57128 | Depths:5 | Killed a juggernaut
 57528 | Crypt:1  | Reached * piety under the Shining One
 57845 | Crypt:1  | Reached ** piety under the Shining One
 58237 | Crypt:2  | Reached *** piety under the Shining One
 58356 | Crypt:2  | Reached **** piety under the Shining One
 58497 | Crypt:2  | Reached ***** piety under the Shining One
 58910 | Crypt:2  | Reached XP level 27. HP: 166/180 MP: 31/31
 59132 | Crypt:2  | Reached ****** piety under the Shining One
 59291 | Crypt:2  | Identified a +6 eudemon blade of holy wrath (a +4 demon blade of venom blessed by the Shining One)
 59291 | Crypt:2  | Received a gift from the Shining One
 59315 | Crypt:3  | Entered Level 3 of the Crypt
 59724 | Crypt:3  | Found an ancient bone altar of Kikubaaqudgha.
 59730 | Crypt:3  | Noticed an ancient lich
 59741 | Crypt:3  | Found a basalt altar of Yredelemnul.
 59749 | Crypt:3  | Killed an ancient lich
 59882 | Crypt:3  | Identified Liemumua's Guide on the Entrancing Glacier
 59907 | Crypt:3  | Identified the Incunabulum of the Compass
 59911 | Crypt:3  | Identified Sif Muna's Guide on Sinister Rites
 60088 | Crypt:3  | Reached skill level 15 in Dodging
 60271 | Crypt:3  | Found a staircase to the Tomb.
 60510 | Tomb:1   | Entered Level 1 of the Tomb of the Ancients
 60778 | Tomb:1   | Noticed a greater mummy
 60784 | Tomb:1   | Killed a greater mummy
 60833 | Tomb:1   | Noticed a greater mummy
 60841 | Tomb:1   | Killed a greater mummy
 61706 | Tomb:2   | Noticed a greater mummy
 61715 | Tomb:2   | Noticed a greater mummy
 61715 | Tomb:2   | Noticed a greater mummy
 61716 | Tomb:2   | Noticed a greater mummy
 61881 | Tomb:1   | HP: 14/180 [purple draconian/bolt of dispelling energy[the fury of Okawaru] (41)]
 62260 | Tomb:1   | Killed a greater mummy
 62269 | Tomb:1   | Killed a greater mummy
 62379 | Tomb:1   | Killed a greater mummy
 62379 | Tomb:1   | Reached skill level 15 in Invocations
 62423 | Tomb:1   | Was forgiven by Okawaru
 62584 | Tomb:2   | Killed a greater mummy
 62784 | Tomb:1   | Noticed a greater mummy
 62787 | Tomb:1   | Noticed a greater mummy
 62829 | Tomb:1   | Killed a greater mummy
 63019 | Tomb:1   | Killed a greater mummy
 63095 | Tomb:1   | Noticed a greater mummy
 63111 | Tomb:1   | Killed a greater mummy
 63172 | Tomb:1   | Noticed a greater mummy
 63173 | Tomb:1   | Noticed a greater mummy
 63174 | Tomb:1   | Noticed a greater mummy
 63176 | Tomb:1   | Noticed a greater mummy
 63178 | Tomb:1   | Noticed a greater mummy
 63178 | Tomb:1   | Noticed a greater mummy
 63180 | Tomb:1   | Noticed a greater mummy
 63184 | Tomb:1   | Killed a greater mummy
 63198 | Tomb:1   | Killed a greater mummy
 63199 | Tomb:1   | Killed a greater mummy
 63202 | Tomb:1   | Killed a greater mummy
 63203 | Tomb:1   | Killed a greater mummy
 63203 | Tomb:1   | Killed a greater mummy
 63215 | Tomb:1   | Killed a greater mummy
 63606 | Tomb:3   | Entered Level 3 of the Tomb of the Ancients
 63631 | Tomb:3   | Noticed Sojobo
 63634 | Tomb:3   | Noticed a greater mummy
 63637 | Tomb:3   | Noticed a greater mummy
 63642 | Tomb:3   | Killed Sojobo
 63650 | Tomb:3   | Killed a greater mummy
 63650 | Tomb:3   | Killed a greater mummy
 63813 | Tomb:3   | Noticed a greater mummy
 63823 | Tomb:3   | Killed a greater mummy
 63917 | Tomb:3   | Noticed a greater mummy
 63931 | Tomb:3   | Killed a greater mummy
 63987 | Tomb:3   | Noticed an ancient lich
 63992 | Tomb:3   | Noticed a greater mummy
 64000 | Tomb:3   | Killed an ancient lich
 64011 | Tomb:3   | Killed a greater mummy
 64023 | Tomb:3   | Reached skill level 21 in Shields
 64242 | Tomb:3   | Noticed a greater mummy
 64248 | Tomb:3   | Noticed a greater mummy
 64258 | Tomb:3   | Killed a greater mummy
 64272 | Tomb:3   | Killed a greater mummy
 64408 | Tomb:3   | Noticed a greater mummy
 64417 | Tomb:3   | Killed a greater mummy
 64428 | Tomb:3   | Got a golden rune of Zot
 64447 | Tomb:3   | Reached skill level 22 in Shields
 64556 | Tomb:3   | Identified Hoirin's Papyrus of Companions and Aid
 64561 | Tomb:3   | Learned a level 2 spell: Song of Slaying
 64574 | Tomb:3   | Got a sparkling bone ring
 64576 | Tomb:3   | Identified the ring of Tikhod {-Tele rPois rF+ rC+ SInv} (You found it on level 3 of the Tomb of the Ancients)
 64598 | Tomb:3   | Got a bound zirconium amulet
 64599 | Tomb:3   | Identified the amulet of the Lotus Blossom {Inacc rF+ Str+3 Int+4} (You found it on level 3 of the Tomb of the Ancients)
 64624 | Tomb:3   | Got a bloodstained chain mail
 64625 | Tomb:3   | Identified the +2 chain mail "Cuzyum" {rCorr} (You found it on level 3 of the Tomb of the Ancients)
 64630 | Tomb:3   | Got a glittering platinum ring
 64632 | Tomb:3   | Identified the ring of Jostroo {+Inv rF- MR+ MP+9 SInv} (You found it on level 3 of the Tomb of the Ancients)
 64639 | Tomb:3   | Identified the Collected Works on Igneous Battle Magic
 65941 | Slime:1  | Entered Level 1 of the Pits of Slime
 66256 | Slime:3  | Reached skill level 23 in Shields
 66457 | Slime:4  | Killed Donald
 66582 | Slime:5  | Entered Level 5 of the Pits of Slime
 66835 | Slime:5  | Noticed the Royal Jelly
 67018 | Slime:5  | Killed the Royal Jelly
 67018 | Slime:5  | Reached skill level 24 in Shields
 67092 | Slime:5  | Got a slimy rune of Zot
 67093 | Slime:5  | Identified Vehumet's Handbook of Combat Magic and the Mountains
 67137 | Slime:5  | Identified the Reference Book on Necromancy and the Blaze
 67158 | Slime:5  | Identified Vacusuas's Handbook of Earthen Air
 67181 | Slime:5  | Identified the +3 scale mail of Protective Custody {-Tele rC- Regen+ rCorr} (You found it on level 5 of the Pits of Slime)
 67674 | Depths:3 | Paralysed by a floating eye for 3 turns
 67678 | Depths:3 | Paralysed by a floating eye for 4 turns
 67719 | Zig:1    | Entered Level 1 of a ziggurat
 67824 | Zig:2    | Entered Level 2 of a ziggurat
 67851 | Zig:3    | Entered Level 3 of a ziggurat
 67895 | Zig:4    | Entered Level 4 of a ziggurat
 67976 | Zig:5    | Entered Level 5 of a ziggurat
 68000 | Zig:5    | Reached skill level 25 in Shields
 68029 | Zig:5    | Identified the Compendium of Talismans and Attacks
 68092 | Zig:6    | Entered Level 6 of a ziggurat
 68176 | Zig:7    | Entered Level 7 of a ziggurat
 68231 | Zig:7    | Got a glittering sapphire amulet
 68233 | Zig:7    | Identified the amulet of Kepnelin {Reflect +Blink rC- Int+2 SH+3} (You found it on level 7 of a ziggurat)
 68312 | Zig:8    | Entered Level 8 of a ziggurat
 68404 | Zig:9    | Entered Level 9 of a ziggurat
 68499 | Zig:10   | Entered Level 10 of a ziggurat
 68507 | Zig:10   | Noticed Quraf the pandemonium lord
 68518 | Zig:10   | Killed Quraf the pandemonium lord
 68590 | Zig:10   | Got a vibrating emerald amulet
 68591 | Zig:10   | Identified the amulet "Vaani" {+Rage MR+ Str+4 Int+4} (You acquired it on level 10 of a ziggurat)
 68599 | Zig:10   | Got a heavily runed ivory ring
 68601 | Zig:10   | Identified the ring of Evoyraet {rF+ MR+ Str+4} (You acquired it on level 10 of a ziggurat)
 68613 | Zig:11   | Entered Level 11 of a ziggurat
 68733 | Zig:11   | Identified the Handbook of Shifting Poison
 68742 | Zig:11   | Identified the Incunabulum of Sinister Rituals and Intoxication
 68816 | Zig:12   | Entered Level 12 of a ziggurat
 68822 | Zig:12   | Noticed a juggernaut
 68824 | Zig:12   | Noticed a juggernaut
 68825 | Zig:12   | Noticed a juggernaut
 68825 | Zig:12   | Noticed a juggernaut
 68831 | Zig:12   | Killed a juggernaut
 68846 | Zig:12   | Killed a juggernaut
 68850 | Zig:12   | Killed a juggernaut
 68854 | Zig:12   | Killed a juggernaut
 68945 | Zig:13   | Entered Level 13 of a ziggurat
 68975 | Zig:13   | Paralysed by a floating eye for 2 turns
 68976 | Zig:13   | Gained mutation: You are clumsy. (Dex -2) [a shining eye]
 69035 | Zig:13   | Identified the Compendium of Ghastly Translocation
 69036 | Zig:13   | Identified the Guide on Protection and Weightlessness
 69186 | Zig:14   | Entered Level 14 of a ziggurat
 69238 | Zig:14   | Identified Sif Muna's Catalogue of Summoning and Ice
 69267 | Zig:14   | Identified the cursed +0 buckler of the Vacuum {Dex+10 Stlth+} (You found it on level 14 of a ziggurat)
 69631 | Hell     | Entered the Vestibule of Hell
 69631 | Hell     | Noticed Geryon
 69741 | Hell     | Killed Geryon
 69874 | Hell     | Found a gateway to the Iron City of Dis.
 69923 | Hell     | Found a gateway to the freezing wastes of Cocytus.
 69985 | Hell     | Found a gateway to the decaying netherworld of Tartarus.
 70066 | Hell     | Found a gateway to the ashen valley of Gehenna.
 70247 | Pan      | Entered Pandemonium
 70564 | Pan      | Found an exit through the horrors of the Abyss.
 70593 | Pan      | Noticed Loat the pandemonium lord
 70610 | Pan      | Killed Loat the pandemonium lord
 70936 | Pan      | Noticed Gahinetz the pandemonium lord
 70981 | Pan      | Killed Gahinetz the pandemonium lord
 71097 | Pan      | Found a runed door.
 71166 | Pan      | Got a demonic rune of Zot
 71717 | Pan      | Found a white marble altar of Elyvilon.
 71908 | Pan      | HP: 14/180 [daeva/divine providence (12)]
 71951 | Pan      | HP: 11/180 [daeva/divine providence (10)]
 72639 | Pan      | HP: 15/180 [daeva/divine providence (11)]
 72639 | Pan      | Killed from afar by a daeva

Skill      XL: |  1  2  3  4  5  6  7  8  9 10 11 12 13 14 15 16 17 18 19 20 21 22 23 24 25 26 27 |
---------------+----------------------------------------------------------------------------------+-----
Short Blades   | 1 2 3 4 6 |  6.0
Fighting       | 2 5 6 7 9 10 11 13 14 15 17 18 19 20 | 20.4
Long Blades    | 1 4 7 9 11 13 15 | 15.8
Armour         | 1 3 5 7 9 10 12 14 15 16 17 18 19 20 22 | 22.1
Invocations    | 3 6 10 24 | 24.4
Shields        | 5 9 13 15 17 19 20 25 | 25.0
Dodging        | 5 7 9 10 13 17 | 17.9
Charms         | 3 6 7 8 10 | 10.4
Air Magic      | 3 5 7 8 10 | 10.0
Necromancy     | 4 6 7 8 10 | 10.0
Evocations     | 5 |  5.0
Throwing       | 1 5 |  5.0
Hexes          | 6 10 | 10.0
Spellcasting   | 5 |  5.0
Translocations | 2 5 8 |  8.4
Stealth        | |  2.1

Action                   |  1- 3 |  4- 6 |  7- 9 | 10-12 | 13-15 | 16-18 | 19-21 | 22-24 | 25-27 || total
-------------------------+-------+-------+-------+-------+-------+-------+-------+-------+-------++-------
Melee: Short sword       |    84 |   167 |   270 |    17 |    25 |       |       |       |       ||   563
       Unarmed           |     1 |       |       |       |       |       |       |       |       ||     1
       Long sword        |       |       |    26 |       |       |       |       |       |       ||    26
       Double sword      |       |       |   143 |   757 |  1474 |  1671 |  2176 |  1782 |  2278 || 10281
       Demon blade       |       |       |       |       |       |       |       |       |  1370 ||  1370
       Eudemon blade     |       |       |       |       |       |       |       |       |  2055 ||  2055
Throw: Javelin           |       |       |       |       |       |       |       |     7 |     1 ||     8
 Cast: Pain              |     3 |       |       |       |       |       |       |       |       ||     3
       Repel Missiles    |       |       |       |     1 |     3 |     5 |    10 |     8 |    14 ||    41
       Regeneration      |       |       |       |       |     1 |     9 |    71 |    44 |    14 ||   139
       Control Undead    |       |       |       |       |       |       |     1 |       |       ||     1
       Blink             |       |       |       |       |       |       |       |       |     6 ||     6
       Song of Slaying   |       |       |       |       |       |       |       |       |    17 ||    17
Invok: Heroism           |       |       |       |     2 |    15 |    11 |     7 |     7 |     5 ||    47
       Finesse           |       |       |       |       |     3 |     2 |     1 |     1 |       ||     7
       Divine Shield     |       |       |       |       |       |       |       |       |    29 ||    29
       Cleansing Flame   |       |       |       |       |       |       |       |       |    25 ||    25
       Summon Divine War |       |       |       |       |       |       |       |       |    17 ||    17
       Brand Weapon With |       |       |       |       |       |       |       |       |     1 ||     1
 Abil: Fly               |       |       |       |       |     1 |       |       |     1 |     1 ||     3
       Stop Flying       |       |       |       |       |       |       |       |     1 |     1 ||     2
Evoke: Wand              |       |       |       |       |     3 |     2 |       |     4 |    14 ||    23
  Use: Scroll            |       |     9 |     4 |     8 |    16 |    10 |     6 |    14 |    23 ||    90
       Potion            |       |       |     1 |       |     3 |     4 |       |       |     8 ||    16
 Stab: Distracted        |       |       |       |       |     1 |       |       |       |       ||     1
       Petrifying        |       |       |       |       |       |       |     2 |       |       ||     2
       Petrified         |       |       |       |       |       |       |     1 |       |       ||     1
       Paralysed         |       |       |       |       |       |       |       |       |     2 ||     2
  Eat: Chunk             |       |     6 |    26 |    34 |    41 |    28 |    44 |    29 |    21 ||   229
       Meat ration       |       |       |     1 |       |       |       |       |       |       ||     1
       Beef jerky        |       |       |       |       |       |       |     1 |       |    20 ||    21
       Pizza             |       |       |       |       |       |       |     1 |       |     2 ||     3
       Royal jelly       |       |       |       |       |       |       |     1 |     2 |    19 ||    22
       Fruit             |       |       |       |       |       |       |       |     1 |       ||     1
Armor: Plate armour      |    67 |   125 |   437 |   519 |       |   195 |   649 |   502 |       ||  2494
       Robe              |     1 |       |       |       |       |       |       |       |       ||     1
       Chain mail        |       |       |       |   155 |    95 |   703 |       |       |       ||   953
       Ring mail         |       |       |       |    75 |   590 |       |       |       |       ||   665
       Scale mail        |       |       |       |       |       |       |   191 |       |       ||   191
       Ice dragon scales |       |       |       |       |       |       |       |   368 |  2097 ||  2465
Dodge: Dodged            |     9 |    15 |    68 |   252 |   715 |  1220 |  1247 |  1004 |  3300 ||  7830
       Deflected         |       |       |       |       |     7 |    21 |    53 |    47 |    86 ||   214
Block: Buckler           |       |       |       |    73 |   498 |   695 |   334 |       |       ||  1600
       Shield            |       |       |       |       |       |       |   928 |   531 |       ||  1459
       Large shield      |       |       |       |       |       |       |       |  1090 |  7240 ||  8330
       Rpst.: Long sword |       |       |     1 |       |       |       |       |       |       ||     1
       Double sword      |       |       |    16 |    68 |   159 |   226 |   254 |   196 |   270 ||  1189
       Demon blade       |       |       |       |       |       |       |       |       |   101 ||   101
       Eudemon blade     |       |       |       |       |       |       |       |       |   208 ||   208
